 Dungeon Crawl Stone Soup version 0.30-a0-643-g638baaf3f0 (webtiles) character file.

Game seed: 17709625626001378997

14438 Chromium the Tortoise (level 12, -32/106 HPs)
             Began as a Hill Orc Fighter on Jan 16, 2023.
             Was a Plaything of Xom.
             Annihilated by an orc knight
             ... wielding a +0 glaive
              (35 damage)
             ... on level 2 of the Orcish Mines.
             The game lasted 01:19:01 (10486 turns).

Chromium the Tortoise (Hill Orc Fighter)           Turns: 10486, Time: 01:19:02

Health: -32/106    AC: 18    Str: 24    XL:     12   Next: 16%
Magic:  12/12      EV: 11    Int:  8    God:    Xom [..*...]
Gold:   0          SH:  4    Dex:  8    Spells: 11/11 levels left

rFire   . . .      SeeInvis .    a - +2 war axe
rCold   x . .      Faith    .    c - +0 buckler
rNeg    . . .      Spirit   .    U - +0 steam dragon scales
rPois   .          Reflect  .    o - +1 helmet
rElec   .          Harm     .    p - +0 cloak
rCorr   .          Rampage  +    (no gloves)
Will    +....                    A - +0 pair of boots {rampage}
Stlth   +                        j - amulet of regeneration
HPRegen 1.17/turn                n - +4 ring of slaying
MPRegen 0.13/turn                W - +4 ring of protection

@: studying Axes
A: clumsy 1, strong-willed 1, wild magic 1, cold vulnerability 1
a: Renounce Religion


You were on level 2 of the Orcish Mines.
You worshipped Xom.
You were a toy of Xom.
You visited 3 branches of the dungeon, and saw 12 of its levels.

You collected 960 gold pieces.
You spent 960 gold pieces at shops.

Inventory:

Hand Weapons
 a - a +2 war axe (weapon)
 d - a +4 quarterstaff of chaos
 e - a +1 dagger of speed
 i - a +1 short sword of holy wrath
 r - a +2 war axe
 u - a +0 dagger
 v - a +1 short sword of draining
 B - the +10 sling "Qaighoun" {antimagic, *Slow Dex+4 Stlth+}
   (You found it on level 5 of the Dungeon)

   Dex:       It affects your dexterity (+4).
   *Slow:     It may slow you when you take damage.
   Stlth:     It makes you more stealthy.
 K - a +4 dagger of chaos
 N - a +2 mace of holy wrath
 P - a +0 flail of protection
 R - a +0 whip of flaming
 Z - a +0 halberd of pain
Missiles
 h - 37 poisoned darts (quivered)
 k - 93 stones
Armour
 c - a +0 buckler (worn)
 m - a +1 hat
 o - a +1 helmet (worn)
 p - a +0 cloak (worn)
 z - a +0 plate armour
 A - a +0 pair of boots of rampaging (worn)
 H - a +0 troll leather armour
 Q - a +1 helmet
 U - +0 steam dragon scales (worn)
Magical Staves
 q - a staff of death
Jewellery
 j - an amulet of regeneration (around neck)
 n - a +4 ring of slaying (left hand)
 s - a ring of ice
 w - a ring of see invisible
 x - a ring of protection from cold
 y - a ring of poison resistance
 C - a ring of willpower
 G - a +6 ring of intelligence
 W - a +4 ring of protection (right hand)
Wands
 f - a wand of polymorph (8)
 F - a wand of paralysis (26)
 T - a wand of flame (30)
Scrolls
 t - a scroll of blinking
 D - 2 scrolls of vulnerability
 E - a scroll of teleportation
 I - 2 scrolls of poison
 M - a scroll of butterflies
 S - a scroll of immolation
 Y - a scroll of identify
Potions
 b - a potion of might
 l - 4 potions of cancellation
 L - 3 potions of magic
 O - a potion of mutation
 V - a potion of attraction
 X - a potion of ambrosia


   Skills:
 + Level 10.2 Fighting
 - Level 15.0 Axes
 - Level 0.1 Throwing
 - Level 15.3 Armour
 - Level 1.0 Dodging
 - Level 0.1 Stealth
 - Level 3.5 Shields


You had 11 spell levels left.
You didn't know any spells.
Your spell library contained the following spells:

 Spells                   Type           Power      Damage    Failure   Level
 Freeze                   Ice            0%         1d3       58%         1
 Magic Dart               Conj           0%         1d3       58%         1
 Sting                    Tmut/Pois      0%         1d3       58%         1
 Blink                    Tloc           0%         N/A       73%         2
 Call Imp                 Summ           0%         N/A       73%         2
 Lesser Beckoning         Tloc           0%         N/A       73%         2
 Momentum Strike          Conj/Tloc      0%         3d8       73%         2
 Poisonous Vapours        Pois/Air       0%         N/A       73%         2
 Frozen Ramparts          Ice            0%         1d1       90%         3
 Hailstorm                Conj/Ice       0%         3d3       90%         3
 Mephitic Cloud           Conj/Pois/Air  0%         N/A       90%         3
 Olgreb's Toxic Radiance  Pois           0%         N/A       100%        4


Dungeon Overview and Level Annotations

Branches:
Dungeon (9/15)             Temple (1/1) D:4             Orc (2/2) D:9
   Lair: D:8-11         Elf: Orc:2

Altars:
Ashenzari
Cheibriados
Dithmenos
Elyvilon
Fedhas
Gozag
Hepliaklqana
Kikubaaqudgha
Makhleb
Nemelex Xobeh
Okawaru
Qazlal
Ru
Sif Muna
Trog
Vehumet
Wu Jian
Xom
Yredelemnul
Zin
The Shining One

Shops:
D:8 :   D:9 (   Orc:1 [   Orc:2 :


Innate Abilities, Weirdness & Mutations

You are clumsy. (Dex -2)
You are strong-willed. (Will+)
Your spells are a little harder to cast, but a little more powerful.
You are vulnerable to cold. (rC-)


Message History

* * * LOW HITPOINT WARNING * * *
The orc attacks as you move away! The orc barely misses you.
You see here a warg corpse.
The orc no longer looks unusually strong.
The orc attacks as you move away! The orc hits you but does no damage.
You slash the orc!
You kill the orc!
The orc no longer looks unusually strong.
The orc knight no longer looks unusually strong.
The orc knight hits you from afar with a +0 glaive!!
* * * LOW HITPOINT WARNING * * *
An orc breaks down the door.
You feel better.
The orc knight hits you from afar with a +0 glaive!
* * * LOW HITPOINT WARNING * * *
An orc breaks down the door.
You hear a shout!
You hear a shout! x10
The orc no longer looks unusually strong.
The orc knight no longer looks unusually strong.
Keep disrobing?
Uppercase [Y]es or [N]o only, please.
Keep disrobing?
Uppercase [Y]es or [N]o only, please.
Keep disrobing?
The orc knight roars a battlecry!
The orcs go into a battle-frenzy!
The orc knight roars a battlecry!
The orc knight goes into a battle-frenzy!
You hear a shout!
The orc shouts!
You start removing your armour.
You continue taking off your +0 steam dragon scales.
You hear a shout! x2
The orc knight hits you from afar with a +0 glaive!
* * * LOW HITPOINT WARNING * * *
The orc knight roars a battlecry!
You continue taking off your +0 steam dragon scales.
The orc knight hits you from afar with a +0 glaive!!
You die...
Xom laughs nastily!

...# ###...... ...#
#.#...... #..# ####.......
#..# ##.#........
#..###........... #
#..##.........~÷~ +###o
#............≈≈.≈
....ho##o###............≈~∩≈
..8.oCoooo)@^........<..≈≈≈≈
....oo##o###..##.#..#....≈≈≈
..... #..########...... .###
#..# #....... #..# ###.....
#..# ##.... ...#
#######.....
...###.##........
#...###......


You could see 3 orc knights, a cyclops, a warg, 2 orc warriors and 5 orcs.

Vanquished Creatures
  A two-headed ogre (Orc:1)
  An orc knight (Orc:1)
  Pikel (D:9)
  2 deep elf pyromancers (Orc:1)
  An ugly thing (D:8)
  Psyche (D:9)
  3 trolls
  A hornet (D:9)
  8 yaks
  Sigmund (D:4)
  A wyvern (D:8)
  Eustachio (D:6)
  A steam dragon (D:7)
  6 wargs
  Edmund (D:6)
  10 orc warriors
  A swamp drake (Orc:1)
  A black bear (D:6)
  An ice beast (D:8)
  9 ogres
  A centaur (D:6)
  A lemure (D:9)
  2 kobold brigands (D:9)
  Blork the orc (D:6)
  A bullfrog (D:8)
  A necrophage (D:8)
  3 scorpions
  A water moccasin zombie (D:5)
  5 wights (D:8)
  A water moccasin skeleton (D:5)
  6 killer bees
  A crimson imp (Orc:1)
  2 hounds
  A jelly (D:8)
  Crazy Yiuf (D:2)
  A centaur skeleton (D:5)
  8 orc priests
  An iron imp (Orc:1)
  Jessica (D:2)
  5 iguanas
  21 orc wizards
  2 scorpion zombies (D:5)
  A howler monkey zombie (D:5)
  Robin (D:2)
  10 adders
  2 shadow imps
  2 white imps
  A worm (D:3)
  2 dart slugs
  50 orcs
  5 bats
  10 endoplasms
  4 giant cockroaches
  15 goblins
  10 hobgoblins
  7 jackals
  5 quokkas
  2 training dummies (D:4)
  7 ball pythons
  3 frilled lizards (D:1)
  24 kobolds
  7 rats
  3 bushes (D:1)
290 creatures vanquished.

Vanquished Creatures (others)
  An orc warrior (Orc:2)
  8 withered plants (D:5)
9 creatures vanquished.

Grand Total: 299 creatures vanquished

Notes
Turn   | Place    | Note
-------+----------+-------------------------------------------
     0 | D:1      | Chromium the Hill Orc Fighter began the quest for the Orb.
     0 | D:1      | Reached XP level 1. HP: 19/19 MP: 1/1
   128 | D:1      | Reached XP level 2. HP: 27/27 MP: 2/2
   460 | D:1      | Gained mutation: You expend magic power (3 MP) to
                  | strengthen your wands. [potion of mutation]
   460 | D:1      | Gained mutation: Your muscles are strong. (Str +4, Int/Dex
                  | -1) [potion of mutation]
   460 | D:1      | Gained mutation: You are partially covered in iridescent
                  | scales. (AC +2) [potion of mutation]
   543 | D:1      | Reached XP level 3. HP: 33/33 MP: 3/3
  1147 | D:2      | Found a faded altar of an unknown god.
  1153 | D:2      | Prayed at the altar of an unknown god.
  1153 | D:2      | Became a worshipper of Xom the Capricious
  1214 | D:2      | Reached XP level 4. HP: 40/40 MP: 4/4
  1222 | D:2      | XOM: divination: detect items
  1223 | D:2      | Noticed Robin
  1236 | D:2      | XOM: silly message
  1238 | D:2      | Killed Robin
  1239 | D:2      | Reached skill level 1 in Dodging
  1294 | D:2      | Noticed Jessica
  1296 | D:2      | Killed Jessica
  1352 | D:2      | Reached skill level 5 in Axes
  1399 | D:2      | Found a runed translucent door.
  1400 | D:2      | Noticed Crazy Yiuf
  1409 | D:2      | XOM: potion effect (heal wounds)
  1412 | D:2      | Killed Crazy Yiuf
  1413 | D:2      | Reached XP level 5. HP: 46/46 MP: 5/5
  1436 | D:2      | Lost mutation: Your muscles are strong. (Str +4, Int/Dex
                  | -1) [potion of mutation]
  1436 | D:2      | Lost mutation: You are partially covered in iridescent
                  | scales. (AC +2) [potion of mutation]
  1436 | D:2      | Gained mutation: You are frail. (-10% HP) [potion of
                  | mutation]
  1436 | D:2      | Gained mutation: You possess an exceptional clarity of
                  | mind. [potion of mutation]
  1436 | D:2      | Gained mutation: You have hidden genetic defects. [potion
                  | of mutation]
  1436 | D:2      | Gained mutation: You are partially covered in iridescent
                  | scales. (AC +2) [potion of mutation]
  1698 | D:2      | XOM: silly message
  2116 | D:3      | Gained mutation: You occasionally shout uncontrollably at
                  | your foes. [hidden defects]
  2341 | D:3      | XOM: divination: magic mapping
  2579 | D:3      | XOM: cloud trail
  2594 | D:3      | Lost mutation: You expend magic power (3 MP) to strengthen
                  | your wands. [potion of mutation]
  2594 | D:3      | Lost mutation: You are frail. (-10% HP) [potion of
                  | mutation]
  2594 | D:3      | Lost mutation: You are partially covered in iridescent
                  | scales. (AC +2) [potion of mutation]
  2594 | D:3      | Gained mutation: You are vulnerable to cold. (rC-) [potion
                  | of mutation]
  2594 | D:3      | Gained mutation: You are partially covered in iridescent
                  | scales. (AC +2) [potion of mutation]
  2594 | D:3      | Gained mutation: You expend magic power (3 MP) to
                  | strengthen your wands. [potion of mutation]
  2616 | D:3      | Lost mutation: You possess an exceptional clarity of mind.
                  | [potion of mutation]
  2616 | D:3      | Lost mutation: You are partially covered in iridescent
                  | scales. (AC +2) [potion of mutation]
  2616 | D:3      | Gained mutation: You are strong-willed. (Will+) [potion of
                  | mutation]
  2616 | D:3      | Gained mutation: You are clumsy. (Dex -2) [potion of
                  | mutation]
  2616 | D:3      | Lost mutation: You have hidden genetic defects. [potion of
                  | mutation]
  2754 | D:4      | Lost mutation: You occasionally shout uncontrollably at
                  | your foes. [potion of mutation]
  2754 | D:4      | Lost mutation: You expend magic power (3 MP) to strengthen
                  | your wands. [potion of mutation]
  2754 | D:4      | Gained mutation: Your spells are a little harder to cast,
                  | but a little more powerful. [potion of mutation]
  2776 | D:4      | Found a glowing drain.
  2777 | D:4      | Noticed Sigmund
  2777 | D:4      | XOM: potion effect (brilliance)
  2791 | D:4      | Killed Sigmund
  2792 | D:4      | Reached XP level 6. HP: 52/52 MP: 6/6
  2831 | D:4      | Found a staircase to the Ecumenical Temple.
  2852 | Temple   | Entered the Ecumenical Temple
  3134 | D:3      | XOM: cloud trail
  3219 | D:4      | XOM: silly message
  3236 | D:4      | Found a basalt altar of Yredelemnul.
  3236 | D:4      | Found a burning altar of Makhleb.
  3444 | D:4      | Noticed an orc warrior
  3454 | D:4      | XOM: potion effect (haste)
  3457 | D:4      | Killed an orc warrior
  3458 | D:4      | Reached XP level 7. HP: 36/59 MP: 7/7
  3487 | D:4      | XOM: draining
  3507 | D:4      | XOM: god gift: scroll labelled SISHRO XYRA {god gift}
  3612 | D:4      | XOM: cloud trail
  3629 | D:4      | XOM: noise
  3791 | D:5      | Entered Level 5 of the Dungeon
  3791 | D:5      | Noticed a yak
  3791 | D:5      | Noticed a yak
  3791 | D:5      | Noticed a yak
  3791 | D:5      | Noticed a yak
  3797 | D:5      | Killed a yak
  3798 | D:5      | Reached skill level 10 in Axes
  3800 | D:5      | XOM: smoke on damage
  3802 | D:5      | XOM: summons 3 friendly demons
  3808 | D:5      | Killed a yak
  3809 | D:5      | Reached XP level 8. HP: 43/66 MP: 8/8
  3811 | D:5      | Killed a yak
  3816 | D:5      | Killed a yak
  4051 | D:5      | Identified a scroll of acquirement
  4051 | D:5      | Acquired a +0 pair of boots of rampaging
  4073 | D:5      | XOM: cloud trail
  4161 | D:5      | XOM: god gift: hand axe {god gift}
  4236 | D:5      | Identified the +10 sling "Qaighoun" {antimagic, *Slow Dex+4
                  | Stlth+}
  4336 | D:5      | XOM: divination: magic mapping
  4362 | D:5      | XOM: divination: detect items
  4369 | D:5      | XOM: god gift: 8 stones
  4424 | D:5      | XOM: scenery: summon butterflies
  4461 | D:5      | XOM: 1-stop teleportation journey
  5086 | D:6      | XOM: cleaving
  5095 | D:6      | Reached XP level 9. HP: 57/71 MP: 9/9
  5129 | D:6      | Found a radiant altar of Vehumet.
  5297 | D:6      | XOM: cast spell 'Alistair's Intoxication'
  5452 | D:6      | Noticed Eustachio
  5465 | D:6      | Killed Eustachio
  5487 | D:6      | Noticed Edmund
  5495 | D:6      | Killed Edmund
  5562 | D:6      | Noticed Blork the orc
  5566 | D:6      | Killed Blork the orc
  5567 | D:6      | Reached skill level 15 in Axes
  5696 | D:6      | XOM: divination: magic mapping
  5784 | D:6      | XOM: potion effect (invisibility)
  6141 | D:6      | XOM: silly message
  6247 | D:7      | Reached skill level 5 in Armour
  6471 | D:7      | XOM: confuse monster(s)
  6988 | D:8      | XOM: god gift: potion of curing
  7016 | D:8      | Found Focs's Self-Improvement Boutique.
  7032 | D:8      | XOM: 3-stop teleportation journey
  7169 | D:8      | XOM: enchant monster (bad)
  7179 | D:8      | XOM: cloud trail
  7257 | D:8      | Reached XP level 10. HP: 78/78 MP: 10/10
  7268 | D:8      | XOM: god gift: plate armour {god gift}
  7284 | D:8      | XOM: swap monsters
  7301 | D:8      | Reached XP level 11. HP: 78/84 MP: 11/11
  7333 | D:8      | XOM: swap monsters
  7408 | D:8      | Noticed a brown ugly thing
  7421 | D:8      | Killed a brown ugly thing
  7718 | D:8      | XOM: summons 6 hostile demons
  7797 | D:8      | XOM: god gift: potion of lignification
  7833 | D:9      | XOM: summons 11 friendly demons
  7901 | D:9      | Noticed Pikel
  7908 | D:9      | XOM: cast spell 'Death Channel'
  7912 | D:9      | Killed Pikel
  8067 | D:9      | Reached skill level 15 in Armour
  8152 | D:9      | Found a staircase to the Orcish Mines.
  8272 | D:9      | XOM: scenery: 1 doors close
  8415 | D:9      | Found Casaoha's Weapon Emporium.
  8535 | D:9      | Noticed Psyche
  8552 | D:9      | Killed Psyche
  8780 | Orc:1    | Entered Level 1 of the Orcish Mines
  8790 | Orc:1    | Noticed a two-headed ogre
  8791 | Orc:1    | XOM: summons friendly white imp
  8801 | Orc:1    | Killed a two-headed ogre
  8802 | Orc:1    | Reached skill level 5 in Fighting
  8913 | Orc:1    | XOM: scenery: create altars
  9002 | Orc:1    | XOM: 1-stop teleportation journey
  9036 | Orc:1    | XOM: divination: detect creatures
  9092 | Orc:1    | Noticed a deep elf pyromancer
  9104 | Orc:1    | XOM: scenery: 1 doors open, 3 doors close
  9104 | Orc:1    | Noticed a deep elf pyromancer
  9110 | Orc:1    | Killed a deep elf pyromancer
  9111 | Orc:1    | XOM: smoke on damage
  9115 | Orc:1    | Killed a deep elf pyromancer
  9120 | Orc:1    | Identified the +1 hat of Analysis {Harm Drain Int+2}
  9245 | Orc:1    | XOM: noise
  9314 | Orc:1    | Found Cinniek's Armour Shoppe.
  9334 | Orc:1    | Noticed an orc knight
  9339 | Orc:1    | XOM: cast spell 'Cause Fear'
  9358 | Orc:1    | Reached XP level 12. HP: 37/104 MP: 12/12
  9638 | Orc:1    | XOM: silly message
  9922 | Orc:2    | Entered Level 2 of the Orcish Mines
  9923 | Orc:2    | XOM: potion effect (invisibility)
  9964 | Orc:2    | XOM: potion effect (brilliance)
 10022 | Orc:2    | Found a radiant altar of Vehumet.
 10063 | Orc:2    | Found Legitt's Book Shoppe.
 10232 | D:8      | Bought a manual of Axes for 960 gold pieces
 10452 | Orc:2    | Reached skill level 10 in Fighting
 10485 | Orc:2    | HP: 2/106 [orc knight/+0 glaive (11)]
 10486 | Orc:2    | Annihilated by an orc knight

Illustrated notes

Levels and vault maps discovered:
D:1:      dpeg_arrival_windows_large_door, layout_loops_ring, minmay_hedge_maze
D:2:      layout_basic, ebering_ecumenical_altar_hall,
          chequers_serial_rivers_marsh, uniq_crazy_yiuf_cottage, uniq_robin,
          uniq_jessica
D:3:      minmay_skewed_foursquare, layout_loops_cross, minmay_vboxes
D:4:      dreamdust_elfheim, layout_loops_ring, gammafunk_temple_overflow_wave,
          temple_pool_b, cheibrodos_sewer_entry_drain, uniq_sigmund
D:5:      layout_basic, serial_undead, serial_undead_c, serial_undead_d,
          serial_undead_b, serial_undead_b, nicolae_kite_square_tiling_tiny,
          grunt_decor_junction, minmay_misc_feat_plants, nicolae_eternal_life
D:6:      layout_basic, fiery_altar_vehumet, uniq_blork_the_orc, uniq_edmund,
          uniq_eustachio
D:7:      layout_basic
D:8:      layout_loops_ring, nicolae_shop_self_help
D:9:      layout_gridville, minmay_orc_entry_guard_dogs, serial_shops,
          nicolae_square_shop, uniq_pikel, uniq_psyche
Temple:   nicolae_temple_bog_church
Orc:1:    layout_caves, serial_shops, nicolae_shop_behind_doors,
          hangedman_minor_magic
Orc:2:    st_orc_town, layout_diamond_mine, basic_altar, serial_shops,
          nicolae_shop_waterfront, hellmonk_bongcloud_opening

Skill      XL: |  1  2  3  4  5  6  7  8  9 10 11 12 |
---------------+-------------------------------------+-----
Axes           | 3 5 7 9 10 13 15 | 15.0
Fighting       | 4 9 10 | 10.2
Dodging        | 1 |  1.0
Armour         | 8 14 15 | 15.3
Throwing       | |  0.1
Stealth        | |  0.1
Shields        | |  3.5

Action                   |  1- 3 |  4- 6 |  7- 9 | 10-12 || total
-------------------------+-------+-------+-------+-------++-------
Melee: War axe           |   198 |   132 |   272 |   364 ||   966
Throw: Dart              |       |     4 |       |       ||     4
  Use: Scroll            |     5 |     5 |     5 |     6 ||    21
       Potion            |     2 |     9 |     6 |     6 ||    23
 Stab: Petrified         |       |       |     2 |       ||     2
       Confused          |       |       |     1 |     1 ||     2
       Invisible         |       |       |     1 |       ||     1
       Sleeping          |       |       |       |     4 ||     4
       Distracted        |       |       |       |     1 ||     1
       Fleeing           |       |       |       |     1 ||     1
       Petrifying        |       |       |       |     1 ||     1
Armor: Scale mail        |    69 |    63 |    74 |       ||   206
       Steam dragon scal |       |       |    23 |   117 ||   140
Dodge: Dodged            |    57 |    45 |    76 |   142 ||   320
Block: Buckler           |    28 |    17 |    25 |    55 ||   125

Table legend: (Time is in decaauts)
 A = Elapsed time spent in this place.
 B = Non-inter-level travel time spent in this place.
 C = Inter-level travel time spent in this place.
 D = Time resting spent in this place.
 E = Time spent auto-exploring this place.
 F = Levels seen in this place.
 G = Mean time per level.
                   A        B        C        D        E       F      G
               +--------+--------+--------+--------+--------+-----+--------+
         Total |  10435 |   7258 |   3177 |      0 |   4953 |  12 |  869.6 |
       Dungeon |   8866 |   6355 |   2511 |      0 |   4580 |   9 |  985.1 |
        Temple |    175 |     16 |    159 |      0 |      0 |   1 |  175.0 |
  Orcish Mines |   1393 |    887 |    506 |      0 |    373 |   2 |  696.5 |
               +--------+--------+--------+--------+--------+-----+--------+

Top non-repeatable levels by time:
     D:5: 1305 daAuts
   Orc:1: 1119 daAuts
     D:6: 1071 daAuts
     D:9: 1063 daAuts
     D:1: 978 daAuts
     D:3: 951 daAuts
     D:8: 948 daAuts
     D:4: 924 daAuts
     D:2: 828 daAuts
     D:7: 795 daAuts
   Orc:2: 273 daAuts
  Temple: 175 daAuts
